 Dungeon Crawl Stone Soup version 0.18.1-48-g4cf74bf (webtiles) character file.

303 Jerry the Ducker (level 6, -3/41 HPs)
             Began as a Merfolk Ice Elementalist on July 13, 2016.
             Slain by an orc priest
             ... wielding a +0 war axe
              (6 damage)
             ... on level 4 of the Dungeon.
             The game lasted 00:21:43 (3111 turns).

Jerry the Ducker (Merfolk Ice Elementalist)         Turns: 3111, Time: 00:21:43

Health: -3/41      AC:  2    Str:  8    XL:     6   Next: 38%
Magic:  6/9        EV: 15    Int: 16    God:
Gold:   171        SH:  0    Dex: 15    Spells: 3 memorised, 1 level left

rFire  . . .     SeeInvis .     p - +0 spear
rCold  . . .     Gourm    .     a - +0 robe
rNeg   . . .     Faith    .     (no shield)
rPois  .         Spirit   .     (no helmet)
rElec  .         Dismiss  .     (no cloak)
rCorr  .         Reflect  .     (no gloves)
SustAt .         Harm     .     (no boots)
MR     .....                    r - amulet of magic regeneration
Stlth  ++........               (no ring)
                                n - ring of wizardry

@: hasted, very quick, not resistant to hostile enchantments, unstealthy
A: change form in water, swift swim
a: no special abilities


You were on level 4 of the Dungeon.
You were not hungry.

You visited 1 branch of the dungeon, and saw 4 of its levels.

You collected 171 gold pieces.

Inventory:

Hand Weapons
 d - a +0 dagger
 p - a +0 spear (weapon)
Missiles
 j - a tomahawk (quivered)
Armour
 a - a +0 robe (worn)
Jewellery
 n - a ring of wizardry (left hand)
 r - an amulet of magic regeneration (around neck)
Wands
 t - a wand of lightning (13/15)
 u - a wand of lightning (6/15)
Scrolls
 f - 2 scrolls of remove curse {unknown}
 h - 2 scrolls of enchant armour {unknown}
 i - 2 scrolls of identify {unknown}
 l - 3 scrolls of teleportation {unknown}
 o - a scroll of magic mapping {unknown}
 q - 2 scrolls of fear {unknown}
 w - a scroll of amnesia {unknown}
Potions
 k - a potion of haste
 m - a potion of agility {unknown}
 s - a potion of might {unknown}
 x - 3 potions of degeneration {unknown}
 A - 3 potions of curing {unknown}
Books
 b - a book of Frost

   Spells                             Type                      Level
   a - Freeze                         Ice                          1
   b - Throw Frost                    Conjuration/Ice              2
   c - Ozocubu's Armour               Charms/Ice                   3
   d - Throw Icicle                   Conjuration/Ice              4
   e - Summon Ice Beast               Ice/Summoning                4
Comestibles
 c - a bread ration
 g - 2 meat rations
 v - 2 fruits
 z - a slice of pizza


   Skills:
 + Level 4.1 Polearms
 + Level 5.7 Dodging
 - Level 2.1 Stealth
 - Level 2.0 Spellcasting
   Level 0.7 Conjurations
 - Level 2.5 Charms
 + Level 1.5 Summonings
 - Level 4.0 Ice Magic


You had one spell level left.
You knew the following spells:

 Your Spells              Type           Power        Failure   Level  Hunger
a - Freeze                Ice            ##..         1%          1    #......
b - Ozocubu's Armour      Chrm/Ice       ##......     7%          3    ###....
c - Summon Ice Beast      Ice/Summ       ##......     41%         4    #####..


Dungeon Overview and Level Annotations

Branches:
Dungeon (4/15)
 Temple: D:4-7

Altars:
Vehumet
Zin


Message History

Casting: Freeze
Confirm with . or Enter, or press ? or * to list all spells.
Aiming: Freeze
Press: ? - help, Shift-Dir - straight line, f/p - orc priest
Aim: an orc priest, wielding a club and wearing a leather armour (severely wounded)
You freeze the orc priest.
You kill the orc priest!
Casting: Freeze
Confirm with . or Enter, or press ? or * to list all spells.
Aiming: Freeze
Press: ? - help, Shift-Dir - straight line, f - orc priest
Aim: an orc priest, wielding a war axe You freeze the orc priest.
The orc priest is heavily wounded.
The orc priest hits you with a war axe!
* * * LOW HITPOINT WARNING * * *
Drink which item? (? for menu, Esc to quit)
It was a potion of haste.
You feel yourself speed up. The orc priest hits you with a war axe.
You die...

#######..........#
#......##
#.#######
#..##..##
#..#..o####.(
#..####..#
#.......oo.# ###
##.## ##.o########
##.## #.## ##.##
#.# ##.####o#
##@#.o.## ##o.##.#
#.##### ###


You could see an orc priest.

Vanquished Creatures
  A centaur skeleton (D:4)
  An orc priest (D:4)
  Natasha (thrice) (D:3)
  3 gnolls (D:3)
  2 river rats (D:3)
  3 adders
  2 oozes
  A worm (D:2)
  2 dart slugs (D:1)
  7 giant geckos
  An orc (D:3)
  5 giant cockroaches
  3 hobgoblins
  2 jackals (D:3)
  9 kobolds (D:1)
  2 ball pythons
  7 bats
  3 giant newts
  14 goblins
  7 rats
78 creatures vanquished.

Vanquished Creatures (others)
  A goblin (D:3)
1 creature vanquished.

Grand Total: 79 creatures vanquished

Notes
Turn   | Place    | Note
--------------------------------------------------------------
     0 | D:1      | Jerry the Merfolk Ice Elementalist began the quest for the Orb.
     0 | D:1      | Reached XP level 1. HP: 13/13 MP: 3/3
   109 | D:1      | Reached skill level 3 in Dodging
   145 | D:1      | Reached XP level 2. HP: 19/19 MP: 5/5
   543 | D:1      | Reached XP level 3. HP: 14/24 MP: 2/6
   548 | D:1      | Learned a level 3 spell: Ozocubu's Armour
  1134 | D:2      | Reached skill level 1 in Polearms
  1134 | D:2      | Reached skill level 4 in Dodging
  1134 | D:2      | Reached skill level 1 in Charms
  1335 | D:2      | Reached XP level 4. HP: 24/30 MP: 3/7
  1987 | D:3      | Noticed Natasha
  2032 | D:3      | Reached XP level 5. HP: 33/35 MP: 8/8
  2043 | D:3      | Killed Natasha
  2043 | D:3      | Reached skill level 5 in Dodging
  2053 | D:3      | Noticed Natasha
  2060 | D:3      | Killed Natasha
  2356 | D:3      | Found a radiant altar of Vehumet.
  2411 | D:3      | Found a glowing silver altar of Zin.
  2494 | D:3      | Learned a level 4 spell: Summon Ice Beast
  2753 | D:3      | Noticed Natasha
  2767 | D:3      | Killed Natasha
  2767 | D:3      | Reached skill level 1 in Summonings
  2767 | D:3      | Reached XP level 6. HP: 33/41 MP: 6/9
  3111 | D:4      | Slain by an orc priest

Skill      XL: |  1  2  3  4  5  6 |
---------------+-------------------+-----
Dodging        | 3 4 5 |  5.7
Ice Magic      | 4 |  4.0
Polearms       | 1 2 3 4 |  4.1
Charms         | 1 2 |  2.5
Summonings     | 1 |  1.5
Stealth        | |  2.1
Spellcasting   | |  2.0
Conjurations   | |  0.7

Action                   |  1- 3 |  4- 6 || total
-------------------------+-------+-------++-------
Melee: Short sword       |    13 |       ||    13
       Dagger            |    10 |       ||    10
       Spear             |    18 |   103 ||   121
Throw: Tomahawk          |    19 |    10 ||    29
       Stone             |    29 |       ||    29
       Javelin           |       |    12 ||    12
 Cast: Freeze            |    39 |    40 ||    79
       Ozocubu's Armour  |     1 |     3 ||     4
  Use: Potion            |       |     2 ||     2
 Stab: Sleeping          |     1 |     5 ||     6
       Invisible         |       |     4 ||     4
  Eat: Chunk             |     2 |     7 ||     9
Armor: Robe              |    18 |    11 ||    29
Dodge: Dodged            |    62 |    87 ||   149
